 Dungeon Crawl Stone Soup version 0.23.2-33-g5129a83184 (webtiles) character file.

Game seed: 1786135857305645533

101 dvd the Shield-Bearer (level 4, -4/40 HPs)
             Began as a Minotaur Fighter on June 27, 2019.
             Blown up by Ijyb (21 damage)
             ... with a wand of disintegration (13)
             ... on level 2 of the Dungeon.
             The game lasted 00:03:35 (2553 turns).

dvd the Shield-Bearer (Minotaur Fighter)            Turns: 2553, Time: 00:03:36

Health: -4/40      AC: 10    Str: 27    XL:     4   Next: 48%
Magic:  3/3        EV:  8    Int:  5    God:
Gold:   86         SH: 10    Dex: 11    Spells: 3/3 levels left

rFire    . . .     SeeInvis .   a - +0 war axe
rCold    . . .     Gourm    .   c - +0 shield
rNeg     . . .     Faith    .   r - +0 scale mail
rPois    .         Spirit   .   (helmet restricted)
rElec    .         Reflect  .   (no cloak)
rCorr    .         Harm     .   k - +2 pair of gloves
MR       .....                  (no boots)
Stlth    ..........             j - amulet of inaccuracy (curse)
HPRegen  0.13/turn              o - +2 ring of strength
MPRegen  0.08/turn              (no ring)

@: mighty, flying
A: retaliatory headbutt, horns 2
a: no special abilities


You were on level 2 of the Dungeon.
You were not hungry.

You visited 1 branch of the dungeon, and saw 3 of its levels.

You collected 86 gold pieces.

Inventory:

Hand Weapons
 a - a +0 war axe (weapon)
 b - a +0 hunting sling
Missiles
 s - 40 sling bullets
Armour
 c - a +0 shield (worn)
 k - a +2 pair of gloves (worn)
 r - a +0 scale mail (worn)
Jewellery
 j - a cursed amulet of inaccuracy (around neck)
 o - a +2 ring of strength (left hand)
Scrolls
 e - a scroll of magic mapping {unknown}
 h - a scroll of enchant weapon {unknown}
 m - 3 scrolls of teleportation {unknown}
 p - a scroll of remove curse {unknown}
Potions
 i - 2 potions of curing
 l - a potion of degeneration {unknown}
 n - a potion of invisibility {unknown}
 q - 3 potions of flight
Comestibles
 f - 4 rations


   Skills:
 + Level 4.3 Fighting
 + Level 4.2 Axes
 + Level 0.1 Slings
 + Level 4.0 Armour
 + Level 0.2 Dodging
 + Level 4.4 Shields


You had 3 spell levels left.
You didn't know any spells.
Your spell library was empty.

Dungeon Overview and Level Annotations

Branches:
Dungeon (3/15)

Altars:

Annotations:
D:2 Ijyb


Innate Abilities, Weirdness & Mutations

You reflexively headbutt those who attack you in melee.
You have a pair of horns on your head.


Message History

You miss Ijyb. Your headbutt misses Ijyb.
Ijyb is lightly wounded.
Ijyb hits you but does no damage.
You hit Ijyb.
Ijyb is lightly wounded.
Ijyb hits you with a +0 dagger.
Ijyb zaps a wand.
You are blasted!
Ouch! That really hurt!
* * * LOW HITPOINT WARNING * * *
Unknown command.
It was a potion of flight.
You feel very buoyant.
You fly up into the air.
Ijyb hits you but does no damage.
It was a potion of curing.
You feel better. You block Ijyb's attack.
You feel very mighty all of a sudden. Ijyb barely misses you.
You barely miss Ijyb.
Ijyb is lightly wounded.
Ijyb zaps a wand.
You are blasted!
Ouch! That really hurt!
You die...

#### #.# ##### #...# ...#
#.#########...####.#.# ...#####
#.........'...'......#
.......###.......###...####.###
.......+.'.........#...# #.#
#......###.......#.#...# #.#
#..รท...#.#.......#.#...# #.#
#####....#.#####g#.#...####.#
................@...........#####
.#######.#.#####.#.........).....
.# #.#.# #.###...########## .#
#.#.# #.# #...# .#######+#'## #.#
#...# .##.........#
#.############## .##.........#
#.##...........# .##.........#
#.##...........### .#######.#'##
#.......(......'..


You could see Ijyb.

Vanquished Creatures
  Terence (D:2)
  3 adders
  An ooze (D:3)
  A worm (D:2)
  A dart slug (D:1)
  A leopard gecko (D:2)
  9 bats
  A giant cockroach (D:1)
  3 hobgoblins
  A quokka (D:2)
  3 frilled lizards
  6 goblins
  6 kobolds (D:1)
  7 rats
44 creatures vanquished.

Notes
Turn   | Place    | Note
-------+----------+-------------------------------------------
     0 | D:1      | dvd the Minotaur Fighter began the quest for the Orb.
     0 | D:1      | Reached XP level 1. HP: 19/19 MP: 0/0
   367 | D:1      | Reached XP level 2. HP: 27/27 MP: 1/1
  1116 | D:2      | Reached XP level 3. HP: 33/33 MP: 2/2
  1437 | D:2      | Noticed Terence
  1451 | D:2      | Killed Terence
  1788 | D:2      | Reached XP level 4. HP: 23/40 MP: 3/3
  2332 | D:3      | Noticed Ijyb
  2553 | D:2      | Blown up by Ijyb

Skill      XL: |  1  2  3  4 |
---------------+-------------+-----
Shields        | 4 |  4.4
Fighting       | 4 |  4.3
Axes           | 3 4 |  4.2
Armour         | 4 |  4.0
Slings         | |  0.1
Dodging        | |  0.2

Action                   |  1- 3 |  4- 6 || total
-------------------------+-------+-------++-------
Melee: War axe           |   106 |    48 ||   154
       Headbutt          |     6 |     8 ||    14
 Fire: Hunting sling     |     7 |     6 ||    13
  Use: Potion            |       |     3 ||     3
  Eat: Chunk             |     2 |     3 ||     5
Armor: Scale mail        |    67 |    23 ||    90
Dodge: Dodged            |    37 |    18 ||    55
Block: Shield            |    53 |    32 ||    85
